 Dungeon Crawl Stone Soup version 0.27-a0-1502-g47ed6a6988 (webtiles) character file.

Game seed: 9610505938158282338

1558 Kold the Magician (level 8, -10/52 HPs)
             Began as a Mummy Ice Elementalist on July 9, 2021.
             Mangled by a wyvern zombie (11 damage)
             ... on level 6 of the Dungeon.
             The game lasted 00:12:04 (8008 turns).

Kold the Magician (Mummy Ice Elementalist)          Turns: 8008, Time: 00:12:04

Health: -10/52     AC: 11    Str: 11    XL:     8   Next: 58%
Magic:  18/18      EV: 12    Int: 16    God:
Gold:   337        SH:  0    Dex: 13    Spells: 10/21 levels left

rFire    x . .     SeeInvis .   g - +0 hand axe (venom)
rCold    + + .     Faith    .   (no shield)
rNeg     + + +     Spirit   .   o - +2 robe of Vujuck {rC+ rCorr}
rPois    ∞         Reflect  .   n - +1 helmet
rElec    .         Harm     .   (no cloak)
rCorr    +         Rampage  .   h - +0 pair of gloves
Will     +....                  (no boots)
Stlth    ++........             (no amulet)
HPRegen  0.17/turn              a - +4 ring of protection
MPRegen  0.16/turn              (no ring)

@: about to teleport
A: cold resistance 1, negative energy resistance 3, torment resistance 2, heat
vulnerability 1, no potions
a: no special abilities


You were on level 6 of the Dungeon.
You visited 1 branch of the dungeon, and saw 6 of its levels.

You collected 337 gold pieces.

Inventory:

Hand Weapons
 g - a +0 hand axe of venom (weapon)
Armour
 h - a +0 pair of gloves (worn)
 l - +0 steam dragon scales
 n - a +1 helmet (worn)
 o - the +2 robe of Vujuck (worn) {rC+ rCorr}
   (You found it on level 4 of the Dungeon)

   rC:        It protects you from cold.
   rCorr:     It protects you from acid and corrosion.
Jewellery
 a - a +4 ring of protection (left hand)
 b - a +6 ring of strength
Wands
 c - a wand of acid (4)
 e - a wand of iceblast (15)
Scrolls
 d - 4 scrolls of enchant weapon
 i - a scroll of identify
 j - a scroll of vulnerability {unknown}
 k - a scroll of magic mapping


   Skills:
 - Level 2.0 Dodging
 - Level 2.0 Stealth
 + Level 7.2 Spellcasting
 + Level 3.9 Conjurations
 * Level 7.1 Ice Magic


You had 10 spell levels left.
You knew the following spells:

 Your Spells              Type           Power      Damage    Failure   Level
a - Freeze                Ice            100%       1d11      1%          1
b - Frozen Ramparts       Ice            56%        1d7       1%          3
c - Ozocubu's Armour      Ice            28%        N/A       1%          3
d - Hailstorm             Conj/Ice       23%        3d7       12%         4

Your spell library contained the following spells:

 Spells                   Type           Power      Damage    Failure   Level
 Static Discharge         Conj/Air       12%        N/A       9%          2
 Animate Skeleton         Necr           10%        N/A       12%         1
 Pain                     Necr           20%        1d5       12%         1
 Vampiric Draining        Necr           2%         2d6       36%         3
 Sticky Flame             Conj/Fire      12%        2d4       47%         4
 Dispel Undead            Necr           5%         3d7       77%         4


Dungeon Overview and Level Annotations

Branches:
Dungeon (6/15)
 Temple: D:4-7

Altars:


Innate Abilities, Weirdness & Mutations

You are immune to poison.
Your flesh is cold resistant. (rC+)
You are immune to negative energy. (rN+++)
You are immune to unholy pain and torment.
You are vulnerable to heat. (rF-)
You do not drink.


Message History

You now have 337 gold pieces (gained 17).
You enter the shallow water.
Moving in this stuff is going to be slow.
A wyvern zombie comes into view.
You see here 13 gold pieces.
No target in view!
No target in view!
You catch the helpless wyvern zombie completely off-guard!
You hit the wyvern zombie but do no damage.
A steam dragon comes into view.
The wyvern zombie bites you!
You barely miss the wyvern zombie.
The wyvern zombie bites you but does no damage. x2
You hit the wyvern zombie but do no damage.
The wyvern zombie barely misses you. The wyvern zombie bites you.
You hit the wyvern zombie but do no damage.
The wyvern zombie barely misses you.
The steam dragon hisses angrily.
The wyvern zombie bites you. The wyvern zombie misses you.
The wyvern zombie bites you but does no damage.
The wyvern zombie bites you! The wyvern zombie misses you.
The wyvern zombie barely misses you.
The wyvern zombie bites you but does no damage.
The wyvern zombie bites you. The wyvern zombie bites you!
* * * LOW HITPOINT WARNING * * *
The wyvern zombie bites you!
* * * LOW HITPOINT WARNING * * *
The wyvern zombie barely misses you.
Blink to where?
Press: ? - help, Dir - move target
As you read the scroll of blinking, it crumbles to dust.
There is an open door here.
The wyvern zombie bites you!
* * * LOW HITPOINT WARNING * * *
As you read the scroll of teleportation, it crumbles to dust.
You feel strangely unstable. The wyvern zombie bites you!
You die...

..............#
...#####......#######Y..
..)....'......+.........
.÷######......#######...
.......############## .......#
#.....# .......# ####.....####
.......# #..+.....'..#
.......#####.##.@Z..##.######
............................###
..###..........#.#.###...≈.P.≈#
..# #........#.#.#.###...≈≈≈^...P
..###........#...#.#.............
#............##..#.#.##...^^≈P...
#...)......#.......#......≈######
#......###.#.....###....####.....
.......# #.###....<#§##.#....#...


You could see a wyvern zombie.

Vanquished Creatures
  A steam dragon (D:6)
  2 water moccasins
  An ice beast (D:6)
  A sky beast (D:6)
  A black bear (D:5)
  An ogre (D:5)
  A phantom (D:5)
  2 scorpions
  A wyvern skeleton (D:5)
  An orc priest (D:4)
  2 hounds (D:5)
  2 gnoll shamans (D:5)
  Ijyb (D:5)
  4 iguanas
  An orc wizard (D:4)
  A killer bee zombie (D:6)
  A hound skeleton (D:5)
  A howler monkey skeleton (D:5)
  7 gnolls (D:5)
  10 adders
  A shadow imp (D:4)
  A white imp (D:6)
  An ufetubus (D:5)
  A worm (D:2)
  2 dart slugs
  10 orcs
  8 ball pythons
  8 endoplasms
  4 giant cockroaches
  2 goblins
  9 hobgoblins
  3 kobolds
  2 quokkas
  9 bats
  9 frilled lizards
  9 rats
121 creatures vanquished.

Vanquished Creatures (others)
  17 fungi (D:6)
17 creatures vanquished.

Grand Total: 138 creatures vanquished

Notes
Turn   | Place    | Note
-------+----------+-------------------------------------------
     0 | D:1      | Kold the Mummy Ice Elementalist began the quest for the
                  | Orb.
     0 | D:1      | Reached XP level 1. HP: 13/13 MP: 4/4
   130 | D:1      | Found a faded altar of an unknown god.
   144 | D:1      | Reached XP level 2. HP: 12/19 MP: 1/5
  1348 | D:2      | Reached XP level 3. HP: 24/24 MP: 4/7
  2515 | D:2      | Reached XP level 4. HP: 27/30 MP: 7/9
  3055 | D:3      | Learned a level 3 spell: Frozen Ramparts
  3059 | D:3      | Learned a level 3 spell: Ozocubu's Armour
  3064 | D:3      | Learned a level 4 spell: Hailstorm
  3672 | D:4      | Noticed a scorpion
  3685 | D:4      | Killed a scorpion
  3686 | D:4      | Reached XP level 5. HP: 14/35 MP: 2/11
  3696 | D:4      | Reached skill level 1 in Conjurations
  4358 | D:4      | Reached XP level 6. HP: 34/41 MP: 7/13
  4975 | D:4      | Reached skill level 5 in Spellcasting
  5247 | D:4      | Identified the +2 robe of Vujuck {rC+ rCorr}
  5278 | D:5      | Entered Level 5 of the Dungeon
  5285 | D:5      | You fall into a shaft and drop 1 floor!
  5300 | D:6      | Noticed an ice beast
  5323 | D:6      | Noticed an ice beast
  5340 | D:6      | Noticed a water moccasin
  5345 | D:6      | Killed a water moccasin
  5346 | D:6      | Reached skill level 5 in Ice Magic
  5579 | D:6      | Noticed a sky beast
  5586 | D:6      | Killed a sky beast
  5587 | D:6      | Reached XP level 7. HP: 46/46 MP: 3/15
  6124 | D:5      | Identified a scroll of acquirement
  6125 | D:5      | Acquired a +4 ring of protection
  6699 | D:5      | Noticed Ijyb
  6708 | D:5      | Killed Ijyb
  6864 | D:5      | Reached XP level 8. HP: 44/52 MP: 10/17
  8007 | D:6      | HP: 1/52 [wyvern zombie (7)]
  8008 | D:6      | Mangled by a wyvern zombie

Illustrated notes

Levels and vault maps discovered:
D:1:      minmay_arrival_diagonal_passages, layout_loops_cross,
          hellmonk_ecumenical_altar_arch_garden
D:2:      layout_basic
D:3:      minmay_diamond_boxcup, layout_basic
D:4:      layout_loops_cross, grunt_decor_fettered, kennysheep_small_spiral,
          minmay_misc_feat_plants
D:5:      black_bear_nest_2, layout_gridville, uniq_ijyb
D:6:      kennysheep_steamy, layout_basic

Skill      XL: |  1  2  3  4  5  6  7  8 |
---------------+-------------------------+-----
Spellcasting   | 3 4 5 6 7 |  7.2
Stealth        | 2 |  2.0
Dodging        | 2 |  2.0
Ice Magic      | 4 5 6 7 |  7.1
Conjurations   | 1 2 3 |  3.9

Action                   |  1- 3 |  4- 6 |  7- 9 || total
-------------------------+-------+-------+-------++-------
Melee: Unarmed           |    10 |       |       ||    10
       Hand axe          |    26 |    27 |    66 ||   119
 Cast: Freeze            |    67 |    81 |    79 ||   227
       Frozen Ramparts   |       |     8 |    12 ||    20
       Ozocubu's Armour  |       |     2 |     8 ||    10
  Use: Scroll            |       |     2 |    11 ||    13
 Stab: Distracted        |       |       |     1 ||     1
Armor: Robe              |    28 |    26 |    86 ||   140
Dodge: Dodged            |    58 |    63 |   105 ||   226

Table legend: (Time is in decaauts)
 A = Elapsed time spent in this place.
 B = Non-inter-level travel time spent in this place.
 C = Inter-level travel time spent in this place.
 D = Time resting spent in this place.
 E = Time spent auto-exploring this place.
 F = Levels seen in this place.
 G = Mean time per level.
                   A        B        C        D        E       F      G
               +--------+--------+--------+--------+--------+-----+--------+
         Total |   8048 |   7728 |    320 |   2381 |   4283 |   6 | 1341.3 |
       Dungeon |   8048 |   7728 |    320 |   2381 |   4283 |   6 | 1341.3 |
               +--------+--------+--------+--------+--------+-----+--------+

Top non-repeatable levels by time:
     D:5: 1853 daAuts
     D:2: 1678 daAuts
     D:4: 1423 daAuts
     D:3: 1137 daAuts
     D:1: 1056 daAuts
     D:6: 899 daAuts
